 Dungeon Crawl Stone Soup version 0.23.1 (webtiles) character file.

Game seed: 1695787511539682773

31757 Chiseanne the Protected (level 13, -4/104 HPs)
             Began as a Gnoll Wanderer on Mar 8, 2019.
             Was an Initiate of Gozag.
             Slain by a two-headed ogre
             ... wielding a +0 giant spiked club
              (10 damage)
             ... on level 1 of the Orcish Mines.
             The game lasted 00:50:03 (20380 turns).

Chiseanne the Protected (Gnoll Wanderer)           Turns: 20380, Time: 00:50:04

Health: -4/104     AC: 18    Str: 20    XL:     13   Next: 60%
Magic:  25/25      EV: 13    Int: 16    God:    Gozag
Gold:   816        SH: 17    Dex: 21    Spells: 28/28 levels left

rFire    + + .     SeeInvis .   a - +2 spear (venom)
rCold    + . .     Gourm    .   z - +5 shield of Eternal Vigilance {Str+4}
rNeg     + . .     Faith    .   L - +7 chain mail of Hide-and-Seek {Dex+4}
rPois    +         Spirit   .   Q - -2 hat of the Alchemist {rElec rPois rF+ rC+ rN+ MR+ rMut rCorr}
rElec    +         Reflect  .   (no cloak)
rCorr    +         Harm     .   (no gloves)
rMut     +                      C - +0 pair of boots
MR       +....                  (no amulet)
Stlth    +.........             f - ring of protection from fire
HPRegen  0.27/turn              (no ring)
MPRegen  0.19/turn

@: gold aura, very slightly contaminated, invisible
A: distributed training, fangs 1, strong nose
a: Potion Petition, Call Merchant, Bribe Branch, Renounce Religion


You were on level 1 of the Orcish Mines.
You worshipped Gozag.
Gozag was pleased with you.
You were not hungry.

You visited 2 branches of the dungeon, and saw 14 of its levels.

You collected 4437 gold pieces.
You spent 1598 gold pieces at shops.
You paid 2023 gold pieces to Gozag.

Inventory:

Hand Weapons
 a - a +2 spear of venom (weapon)
 r - a +0 blowgun
 s - a +4 flail of protection
 P - a +1 morningstar of protection
Missiles
 e - 353 stones
 k - 356 arrows
 l - 15 tomahawks (quivered)
 n - 77 poisoned needles
 y - 50 bolts
 D - 10 throwing nets
 F - 82 sling bullets
Armour
 z - the +5 shield of Eternal Vigilance (worn) {Str+4}
   (You found it on level 6 of the Dungeon)

   It affects your strength (+4).
 C - a +0 pair of boots (worn)
 L - the +7 chain mail of Hide-and-Seek (worn) {Dex+4}
   (You found it on level 9 of the Dungeon)

   It affects your dexterity (+4).
 Q - the -2 hat of the Alchemist (worn) {rElec rPois rF+ rC+ rN+ MR+ rMut rCorr}
   (You bought it in a shop on level 10 of the Dungeon)

   It protects you from fire.
   It protects you from cold.
   It insulates you from electricity.
   It protects you from poison.
   It protects you from negative energy.
   It affects your resistance to hostile enchantments.
   It provides partial protection from all sources of acid and corrosion.
   It protects you from mutation.
Jewellery
 f - a ring of protection from fire (left hand)
 N - an uncursed ring of fire
Wands
 K - a wand of acid (23)
 O - a wand of polymorph (7)
Scrolls
 c - 2 scrolls of remove curse
 j - 2 scrolls of amnesia
 m - a scroll of fear
 u - 7 scrolls of identify
 E - 3 scrolls of teleportation
 G - a scroll of fog
 I - a scroll of immolation
 J - a scroll of enchant armour
Potions
 b - 3 potions of lignification
 g - 2 potions of brilliance
 p - a potion of resistance
 v - 3 potions of curing
 A - a potion of cancellation
 H - a potion of berserk rage
 M - a potion of flight
Comestibles
 x - 3 rations


   Skills:
 + Level 10.5 Fighting
 + Level 8.3 Short Blades
 + Level 8.3 Long Blades
 + Level 8.3 Axes
 + Level 8.7 Maces & Flails
 + Level 8.3 Polearms
 + Level 8.3 Staves
 + Level 8.3 Slings
 + Level 8.3 Bows
 + Level 8.3 Crossbows
 + Level 8.3 Throwing
 + Level 11.6 Armour
 + Level 8.3 Dodging
 + Level 8.3 Stealth
 + Level 9.5 Shields
 + Level 8.3 Unarmed Combat
 + Level 8.3 Spellcasting
 + Level 6.9 Conjurations
 + Level 6.9 Hexes
 + Level 6.9 Charms
 + Level 6.9 Summonings
 + Level 6.9 Necromancy
 + Level 6.9 Translocations
 + Level 6.9 Transmutations
 + Level 6.9 Fire Magic
 + Level 6.9 Ice Magic
 + Level 6.9 Air Magic
 + Level 6.9 Earth Magic
 + Level 6.9 Poison Magic
 + Level 9.1 Invocations
 + Level 8.3 Evocations


You had 28 spell levels left.
You didn't know any spells.
Your spell library contained the following spells:

 Spells                   Type           Power        Failure   Level  Hunger
 Beastly Appendage        Tmut           ####..       9%          1    None
 Sticks to Snakes         Tmut           ####....     13%         2    None
 Spider Form              Tmut/Pois      ####......   26%         3    #......
 Ice Form                 Ice/Tmut       ####....     63%         4    ###....
 Blade Hands              Tmut           ####......   93%         5    #####..
 Bolt of Magma            Conj/Fire/Erth ####......   93%         5    #####..
 Iskenderun's Battlesphe  Conj/Chrm      ####....     93%         5    #####..
 Venom Bolt               Conj/Pois      ####......   93%         5    #####..
 Iron Shot                Conj/Erth      ####......   100%        6    ######.
 Orb of Destruction       Conj           ####......   100%        7    #######
 Spellforged Servitor     Conj/Summ      ####......   100%        7    #######


Dungeon Overview and Level Annotations

Branches:
Dungeon (12/15)            Temple (0/1) D:4            Lair (0/6) D:8
    Orc (2/2) D:10            Elf (0/3) Orc:2

Altars:
Cheibriados
Dithmenos
Elyvilon
Gozag
Makhleb
Ru
Trog

Shops:
D:4 !   D:10 ([   D:11 (   Orc:1 %

Annotations:
D:3 3 runed translucent doors, NeAGen181's ghost, amateur HOFi
D:5 3 runed translucent doors, P0WERM0DE's ghost, amateur DDFi


Innate Abilities, Weirdness & Mutations

Your experience applies equally to all skills.
You have very sharp teeth.
Your uncanny sense of smell can sniff out nearby items.


Message History

You block the two-headed ogre's attack.
You completely miss the troll.
The troll is almost dead.
You kill the troll!
You strike the helpless two-headed ogre from behind!
You puncture the two-headed ogre!
The two-headed ogre looks as sick as possible!
The two-headed ogre is moderately wounded.
You block the two-headed ogre's attack. x2
The two-headed ogre misses you. You block the two-headed ogre's attack.
You hit the two-headed ogre.
The two-headed ogre looks as sick as possible!
You bite the two-headed ogre.
The two-headed ogre is heavily wounded.
You block the two-headed ogre's attack.
The two-headed ogre hits you with a +0 giant club!
* * * LOW HITPOINT WARNING * * *
The two-headed ogre hits you with a +0 giant spiked club!
You die...
Your body crumbles into a pile of gold.

##.## ####..)######
##.#..#...##.##
##.[).###$...#.##
#..)>).###...##.##
#..)[)####...###.##
#...[###.#..##
##[## ##
##....##...#.#
##.###.
##.#.@O...###
##[### ####.....#
##).. ##...## #...
#.### ###..# ###
#..)## ### ##..[>#
##.# #...)[# #.###
##..... ###...###
###...


You could see a two-headed ogre.

Vanquished Creatures
  Harold (D:8)
  8 two-headed ogres
  A centaur warrior (D:12)
  An ogre mage (Orc:1)
  2 deep trolls
  An unseen horror (D:10)
  5 orc knights
  Pikel (D:6)
  An orc sorcerer (Orc:1)
  2 cyclopes
  A manticore (D:11)
  3 ugly things (D:11)
  2 centaur zombies
  2 centaur skeletons (D:10)
  A komodo dragon (D:10)
  A queen bee (shapeshifter) (D:10)
  13 trolls
  3 hornets (D:8)
  3 hippogriffs
  A wraith (D:7)
  Eustachio (D:5)
  7 yaks
  Grum (D:8)
  2 hungry ghosts (D:11)
  3 wargs (Orc:1)
  Edmund (D:6)
  2 soldier ants
  2 slaves (D:6)
  A water moccasin (D:12)
  Duvessa (D:7)
  4 ice beasts
  3 sky beasts
  An eye of draining (D:11)
  16 orc warriors
  2 phantoms
  A black bear (D:9)
  2 necrophages
  26 ogres
  3 wolves
  6 centaurs
  2 big kobolds
  Blork the orc (D:6)
  4 bullfrogs
  5 gnoll sergeants (D:10)
  Dowan (D:7)
  A water moccasin zombie (D:11)
  4 scorpions
  14 killer bees
  4 wights (D:11)
  2 crimson imps (D:5)
  3 bullfrog zombies
  3 jellies
  A quasit (D:12)
  15 orc priests
  3 bullfrog skeletons
  3 gnoll shamans
  5 hounds
  19 orc wizards
  Terence (D:2)
  5 iguanas
  7 worker ants
  A hound zombie (D:5)
  A hound skeleton (D:9)
  2 howler monkey zombies
  5 adders
  45 gnolls
  2 shadow imps
  An adder skeleton (D:7)
  4 worms
  A dart slug (D:4)
  3 leopard geckos
  67 orcs
  2 ball pythons
  11 bats
  5 giant cockroaches
  14 goblins
  13 hobgoblins
  20 jackals
  A quokka (D:3)
  8 frilled lizards
  15 kobolds
  A leopard gecko skeleton (D:4)
  A leopard gecko zombie (D:5)
  A quokka skeleton (D:6)
  8 rats
  A bush (D:1)
474 creatures vanquished.

Vanquished Creatures (others)
  2 slaves (D:6)
  A leopard gecko (D:6)
  3 orcs
6 creatures vanquished.

Grand Total: 480 creatures vanquished

Notes
Turn   | Place    | Note
-------+----------+-------------------------------------------
     0 | D:1      | Chiseanne the Gnoll Wanderer began the quest for the Orb.
     0 | D:1      | Chiseanne set off with the following items: a +2 scale
                  | mail, a potion of lignification, a +0 buckler, a +0 dagger,
                  | a ration
     0 | D:1      | Reached XP level 1. HP: 23/23 MP: 1/1
   187 | D:1      | Reached XP level 2. HP: 29/29 MP: 2/2
   854 | D:1      | Reached XP level 3. HP: 35/35 MP: 3/3
  1268 | D:2      | Noticed Terence
  1329 | D:2      | Killed Terence
  1329 | D:2      | Reached skill level 1 in Short Blades
  1329 | D:2      | Reached skill level 1 in Long Blades
  1329 | D:2      | Reached skill level 1 in Axes
  1329 | D:2      | Reached skill level 1 in Polearms
  1329 | D:2      | Reached skill level 1 in Staves
  1329 | D:2      | Reached skill level 1 in Slings
  1329 | D:2      | Reached skill level 1 in Bows
  1329 | D:2      | Reached skill level 1 in Crossbows
  1329 | D:2      | Reached skill level 1 in Throwing
  1329 | D:2      | Reached skill level 1 in Dodging
  1329 | D:2      | Reached skill level 1 in Stealth
  1329 | D:2      | Reached skill level 1 in Unarmed Combat
  1329 | D:2      | Reached skill level 1 in Spellcasting
  1329 | D:2      | Reached skill level 1 in Invocations
  1329 | D:2      | Reached skill level 1 in Evocations
  1329 | D:2      | Reached XP level 4. HP: 41/41 MP: 5/5
  1405 | D:2      | Found an opulent altar of Gozag.
  1412 | D:2      | Became a worshipper of Gozag Ym Sagoz the Greedy
  1807 | D:3      | Reached skill level 1 in Conjurations
  1807 | D:3      | Reached skill level 1 in Hexes
  1807 | D:3      | Reached skill level 1 in Charms
  1807 | D:3      | Reached skill level 1 in Summonings
  1807 | D:3      | Reached skill level 1 in Necromancy
  1807 | D:3      | Reached skill level 1 in Translocations
  1807 | D:3      | Reached skill level 1 in Transmutations
  1807 | D:3      | Reached skill level 1 in Fire Magic
  1807 | D:3      | Reached skill level 1 in Ice Magic
  1807 | D:3      | Reached skill level 1 in Air Magic
  1807 | D:3      | Reached skill level 1 in Earth Magic
  1807 | D:3      | Reached skill level 1 in Poison Magic
  1926 | D:3      | Reached XP level 5. HP: 8/47 MP: 6/6
  2501 | D:3      | Found a runed translucent gate.
  2501 | D:3      | Found a runed translucent gate.
  2502 | D:3      | Found a runed translucent gate.
  2504 | D:3      | Noticed NeAGen181's ghost (amateur HOFi)
  3183 | D:3      | Reached XP level 6. HP: 37/53 MP: 8/8
  3443 | D:2      | HP: 2/53 [poisoned by a gnoll]
  3689 | D:2      | Reached skill level 5 in Shields
  4076 | D:3      | Reached XP level 7. HP: 54/59 MP: 10/10
  5066 | D:4      | Reached skill level 9 in Armour
  5243 | D:4      | Bought a potion of heal wounds for 80 gold pieces
  5243 | D:4      | Bought a potion of heal wounds for 80 gold pieces
  5243 | D:4      | Bought a potion of agility for 64 gold pieces
  5525 | D:4      | Found a staircase to the Ecumenical Temple.
  5662 | D:5      | Entered Level 5 of the Dungeon
  5684 | D:5      | Reached XP level 8. HP: 64/67 MP: 12/12
  5927 | D:5      | Noticed Eustachio
  5943 | D:5      | Killed Eustachio
  6186 | D:5      | Noticed P0WERM0DE's ghost (amateur DDFi)
  6193 | D:5      | Found a runed translucent gate.
  6193 | D:5      | Found a runed translucent gate.
  6195 | D:5      | Found a runed translucent gate.
  6448 | D:4      | Bought a potion of curing for 48 gold pieces
  6448 | D:4      | Bought a potion of heal wounds for 80 gold pieces
  6448 | D:4      | Bought a potion of agility for 64 gold pieces
  6448 | D:4      | Bought a potion of curing for 48 gold pieces
  6674 | D:6      | Got a steaming shield
  6676 | D:6      | Noticed Pikel
  6713 | D:6      | Killed Pikel
  6713 | D:6      | Reached XP level 9. HP: 61/72 MP: 14/14
  6762 | D:6      | Identified the +5 shield of Eternal Vigilance {Str+4} (You
                  | found it on level 6 of the Dungeon)
  6958 | D:6      | Noticed Blork the orc
  6973 | D:6      | Killed Blork the orc
  7177 | D:6      | Found a sacrificial altar of Ru.
  7179 | D:6      | Found a snail-covered altar of Cheibriados.
  7189 | D:6      | Found a shadowy altar of Dithmenos.
  7348 | D:6      | Noticed Edmund
  7361 | D:6      | Killed Edmund
  7499 | D:7      | Found a white marble altar of Elyvilon.
  7538 | D:7      | Noticed Dowan
  7540 | D:7      | Noticed Duvessa
  7560 | D:7      | Reached skill level 5 in Maces & Flails
  7597 | D:7      | Killed Duvessa
  7628 | D:7      | Killed Dowan
  8022 | D:7      | Found a burning altar of Makhleb.
  8210 | D:7      | Reached skill level 5 in Invocations
  8411 | D:8      | Noticed Grum
  8420 | D:8      | Reached XP level 10. HP: 67/80 MP: 15/17
  8679 | D:8      | Killed Grum
  8865 | D:8      | Found a staircase to the Lair.
  8894 | D:8      | Noticed Harold
  8908 | D:8      | Reached skill level 5 in Short Blades
  8908 | D:8      | Reached skill level 5 in Long Blades
  8908 | D:8      | Reached skill level 5 in Axes
  8908 | D:8      | Reached skill level 5 in Polearms
  8908 | D:8      | Reached skill level 5 in Staves
  8908 | D:8      | Reached skill level 5 in Slings
  8908 | D:8      | Reached skill level 5 in Bows
  8908 | D:8      | Reached skill level 5 in Crossbows
  8908 | D:8      | Reached skill level 5 in Throwing
  8908 | D:8      | Reached skill level 5 in Dodging
  8908 | D:8      | Reached skill level 5 in Stealth
  8908 | D:8      | Reached skill level 5 in Unarmed Combat
  8908 | D:8      | Reached skill level 5 in Spellcasting
  8908 | D:8      | Reached skill level 5 in Evocations
  8931 | D:8      | Killed Harold
  8931 | D:8      | Reached skill level 10 in Armour
  9737 | D:9      | Got a faintly glowing chain mail
  9738 | D:9      | Identified the +7 chain mail of Hide-and-Seek {Dex+4} (You
                  | found it on level 9 of the Dungeon)
  9772 | D:9      | Found a bloodstained altar of Trog.
 10723 | D:10     | Entered Level 10 of the Dungeon
 10797 | D:10     | Reached XP level 11. HP: 85/87 MP: 19/19
 10859 | D:10     | Bought a slimy chain mail for 190 gold pieces
 10860 | D:10     | Identified the +1 chain mail of the Bruised Cities {-Cast
                  | +Inv MP+9 Int+4} (You bought it in a shop on level 10 of
                  | the Dungeon)
 10947 | D:10     | Killed an unseen horror
 11253 | D:10     | Reached skill level 5 in Conjurations
 11253 | D:10     | Reached skill level 5 in Hexes
 11253 | D:10     | Reached skill level 5 in Charms
 11253 | D:10     | Reached skill level 5 in Summonings
 11253 | D:10     | Reached skill level 5 in Necromancy
 11253 | D:10     | Reached skill level 5 in Translocations
 11253 | D:10     | Reached skill level 5 in Transmutations
 11253 | D:10     | Reached skill level 5 in Fire Magic
 11253 | D:10     | Reached skill level 5 in Ice Magic
 11253 | D:10     | Reached skill level 5 in Air Magic
 11253 | D:10     | Reached skill level 5 in Earth Magic
 11253 | D:10     | Reached skill level 5 in Poison Magic
 11789 | D:10     | Found a staircase to the Orcish Mines.
 12396 | D:11     | Noticed a red ugly thing
 12428 | D:11     | Killed a red ugly thing
 12765 | D:11     | Noticed a manticore
 12787 | D:11     | Killed a manticore
 13016 | D:11     | Noticed a two-headed ogre
 13031 | D:11     | Killed a two-headed ogre
 13089 | D:11     | Noticed a white ugly thing
 13120 | D:11     | Killed a white ugly thing
 13120 | D:11     | Reached XP level 12. HP: 70/96 MP: 22/22
 13123 | D:11     | Found Ymosoic's Weapon Emporium.
 13820 | D:12     | Noticed a centaur warrior
 13872 | D:12     | Killed a centaur warrior
 14017 | D:10     | Bought the -2 hat of the Alchemist {rElec rPois rF+ rC+ rN+
                  | MR+ rMut rCorr} for 944 gold pieces
 14017 | D:10     | Found the -2 hat of the Alchemist {rElec rPois rF+ rC+ rN+
                  | MR+ rMut rCorr}
 14171 | D:12     | Reached skill level 11 in Armour
 14305 | Orc:1    | Entered Level 1 of the Orcish Mines
 14469 | Orc:1    | Noticed a two-headed ogre
 14492 | Orc:1    | Killed a two-headed ogre
 15967 | Orc:1    | Found Danoppi's Food Boutique.
 16181 | Orc:1    | Reached skill level 10 in Fighting
 16474 | Orc:2    | Entered Level 2 of the Orcish Mines
 16849 | Orc:2    | Noticed a two-headed ogre
 16849 | Orc:2    | Noticed a two-headed ogre
 17212 | Orc:1    | Killed a two-headed ogre
 17212 | Orc:1    | Reached XP level 13. HP: 34/103 MP: 24/24
 17489 | Orc:2    | Found a staircase to the Elven Halls.
 17489 | Orc:2    | Noticed an ogre mage
 20377 | Orc:1    | HP: 5/104 [two-headed ogre/+0 giant spiked club (10)]
 20380 | Orc:1    | Slain by a two-headed ogre

Skill      XL: |  1  2  3  4  5  6  7  8  9 10 11 12 13 |
---------------+----------------------------------------+-----
Short Blades   | 1 2 3 4 5 6 7 8 |  8.3
Long Blades    | 1 2 3 4 5 6 7 8 |  8.3
Axes           | 1 2 3 4 5 6 7 8 |  8.3
Polearms       | 1 2 3 4 5 6 7 8 |  8.3
Staves         | 1 2 3 4 5 6 7 8 |  8.3
Slings         | 1 2 3 4 5 6 7 8 |  8.3
Bows           | 1 2 3 4 5 6 7 8 |  8.3
Crossbows      | 1 2 3 4 5 6 7 8 |  8.3
Throwing       | 1 2 3 4 5 6 7 8 |  8.3
Dodging        | 1 2 3 4 5 6 7 8 |  8.3
Stealth        | 1 2 3 4 5 6 7 8 |  8.3
Unarmed Combat | 1 2 3 4 5 6 7 8 |  8.3
Spellcasting   | 1 2 3 4 5 6 7 8 |  8.3
Invocations    | 1 2 3 4 5 6 7 8 9 |  9.1
Evocations     | 1 2 3 4 5 6 7 8 |  8.3
Conjurations   | 1 2 3 4 5 6 |  6.9
Hexes          | 1 2 3 4 5 6 |  6.9
Charms         | 1 2 3 4 5 6 |  6.9
Summonings     | 1 2 3 4 5 6 |  6.9
Necromancy     | 1 2 3 4 5 6 |  6.9
Translocations | 1 2 3 4 5 6 |  6.9
Transmutations | 1 2 3 4 5 6 |  6.9
Fire Magic     | 1 2 3 4 5 6 |  6.9
Ice Magic      | 1 2 3 4 5 6 |  6.9
Air Magic      | 1 2 3 4 5 6 |  6.9
Earth Magic    | 1 2 3 4 5 6 |  6.9
Poison Magic   | 1 2 3 4 5 6 |  6.9
Maces & Flails | 3 4 5 6 7 8 |  8.7
Shields        | 5 6 7 8 9 |  9.5
Fighting       | 7 8 9 10 | 10.5
Armour         | 9 10 11 | 11.6

Action                   |  1- 3 |  4- 6 |  7- 9 | 10-12 | 13-15 || total
-------------------------+-------+-------+-------+-------+-------++-------
Melee: Dagger            |   510 |   218 |       |       |       ||   728
       Bite              |    95 |    52 |    72 |   234 |    69 ||   522
       Mace              |       |   150 |       |       |       ||   150
       Spear             |       |    42 |   455 |   927 |   149 ||  1573
       Flail             |       |       |    15 |   319 |   133 ||   467
Throw: Stone             |       |     3 |       |     9 |       ||    12
       Tomahawk          |       |       |     2 |     7 |     5 ||    14
       Throwing net      |       |       |     3 |     3 |     1 ||     7
Invok: Call Merchant     |       |       |     1 |     1 |     1 ||     3
Evoke: Wand              |       |       |       |    11 |       ||    11
  Use: Scroll            |     6 |     2 |    10 |     9 |     2 ||    29
       Potion            |     3 |     2 |       |     8 |     4 ||    17
 Stab: Distracted        |       |     1 |     1 |     6 |     1 ||     9
       Held in net/web   |       |       |     1 |     1 |     4 ||     6
       Sleeping          |       |       |       |     3 |       ||     3
       Invisible         |       |       |       |       |     3 ||     3
  Eat: Chunk             |     2 |     1 |       |       |       ||     3
       Ration            |       |     4 |     5 |     8 |     2 ||    19
Armor: Scale mail        |    58 |   156 |   145 |    34 |       ||   393
       Chain mail        |       |       |       |   391 |   118 ||   509
Dodge: Dodged            |    56 |   200 |   153 |   344 |   167 ||   920
Block: Buckler           |    46 |   149 |    84 |       |       ||   279
       Shield            |       |       |   140 |  1062 |   375 ||  1577
